 Dungeon Crawl Stone Soup version 0.31.0-9-g3a7656b989 (webtiles) character file.

Game seed: 5489535825534595610

1050 Axelsxxd the Trooper (level 8, 0/85 HPs)
             Began as an Octopode Fighter on Feb 1, 2024.
             Succumbed to a scorpion's poison
             ... on level 5 of the Dungeon.
             The game lasted 00:07:16 (3850 turns).

Axelsxxd the Trooper (Octopode Fighter)             Turns: 3850, Time: 00:07:17

Health: 0/85       AC: -7    Str: 18    XL:     8   Next: 26%
Magic:  11/11      EV: 15    Int: 10    God:
Gold:   241        SH:  6    Dex: 17    Spells: 8/11 levels left

rFire   . . .        i - +0 dagger (speed)
rCold   . . .        b - +0 buckler
rNeg    . . .        (helmet restricted)
rPois   .            (no amulet)
rElec   .            f - ring of see invisible
rCorr   .            o - +6 ring of dexterity
SInv    +            (no ring)
Will    .....        (no ring) Stlth
                     (no ring)
HPRegen 0.34/turn    (no ring)
MPRegen 0.12/turn    (no ring)
                     (no ring)

%: no passive effects
@: berserking (expiring), lethally poisoned (0 -> -8), corroded, very quick
A: almost no armour, amphibious, 8 rings, camouflage 1, gelatinous body 1,
(nimble swimmer 1), tentacles
a: no special abilities


You were on level 5 of the Dungeon.
You visited 1 branch of the dungeon, and saw 5 of its levels.

You collected 241 gold pieces.

Inventory:

Hand Weapons
 i - a +0 dagger of speed (weapon)
Armour
 b - a +0 buckler (worn)
Jewellery
 f - a ring of see invisible (left tentacle)
 o - a +6 ring of dexterity (right tentacle)
Wands
 m - a wand of flame (11)
Scrolls
 a - a scroll of immolation
 h - a scroll of teleportation
 j - a scroll of revelation
 k - a scroll of enchant weapon
 l - a scroll of torment
 p - 2 scrolls of vulnerability
Potions
 c - 2 potions of might
 e - 2 potions of mutation


   Skills:
 + Level 5.8 Fighting
 - Level 4.0 Short Blades
 - Level 5.0 Dodging
 - Level 5.0 Shields
 + Level 2.4 Spellcasting
 + Level 2.6 Ice Magic


You had 8 spell levels left.
You knew the following spells:

 Your Spells              Type           Power      Damage    Failure   Level
a - Frozen Ramparts       Ice            12%        1d2       36%         3

Your spell library contained the following spells:

 Spells                   Type           Power      Damage    Failure   Level
 Apportation              Tloc           2%         N/A       36%         1
 Magic Dart               Conj           4%         1d3       36%         1
 Necrotise                Necr           4%         1d4       36%         1
 Sting                    Conj/Alch      4%         1d3       36%         1
 Summon Small Mammal      Summ           4%         N/A       36%         1
 Call Imp                 Summ           2%         N/A       50%         2
 Searing Ray              Conj           2%         2d4       50%         2
 Static Discharge         Conj/Air       2%         3-4/arc   50%         2
 Sublimation of Blood     Necr           1%         N/A       50%         2
 Call Canine Familiar     Summ           1%         N/A       73%         3
 Dazzling Flash           Conj/Hex       2%         N/A       73%         3
 Volatile Blastmotes      Fire/Tloc      2%         2d10      73%         3
 Airstrike                Air            0%         2d(1-17)  98%         4
 Fulminant Prism          Conj/Alch      0%         3d5       98%         4
 Leda's Liquefaction      Alch/Erth      0%         N/A       98%         4
 Petrify                  Alch/Erth      1%         N/A       98%         4
 Summon Blazeheart Golem  Fire/Summ      1%         N/A       98%         4
 Summon Lightning Spire   Summ/Air       1%         N/A       98%         4
 Metabolic Englaciation   Hex/Ice        1%         N/A       99%         5
 Starburst                Conj/Fire      0%         6d3       100%        6
 Summon Hydra             Summ           0%         N/A       100%        7
 Maxwell's Capacitive Co  Air            0%         ∞         100%        8


Dungeon Overview and Level Annotations

Branches:
Dungeon (5/15)
 Temple: D:4-7

Altars:
Elyvilon
Okawaru
The Shining One

Shops:
D:3 (


Innate Abilities, Weirdness & Mutations

You cannot wear most types of armour.
You are amphibious.
You can wear up to eight rings at the same time.
Your skin changes colour to match your surroundings (Stealth+).
Your rubbery body absorbs attacks. (AC +1, EV +1)
((You are camouflaged when in or above water. (Stealth+)))
You have tentacles for arms and can constrict up to eight enemies at once.


Message History

You squeeze the jelly.
The jelly is severely wounded.
The jelly hits you.
* * * LOW HITPOINT WARNING * * *
The acid corrodes you!
You are splashed with acid!
* * * LOW HITPOINT WARNING * * *
Unknown command.
Unknown command.
You hit the jelly.
Your tentacles burn!
* * * LOW HITPOINT WARNING * * *
You squeeze the jelly.
You kill the jelly!
Found 11 gold pieces.
You hit the scorpion. Your grab misses the scorpion.
The scorpion is lightly wounded.
You closely miss the scorpion. You grab the scorpion.
The scorpion is lightly wounded.
You constrict the scorpion. The scorpion misses you.
You barely miss the scorpion. You squeeze the scorpion!
The scorpion is severely wounded.
You constrict the scorpion. You block the adder's attack.
You hit the scorpion but do no damage.
The scorpion is severely wounded.
You constrict the scorpion, but do no damage.
You hit the scorpion. Your squeeze misses the scorpion.
The scorpion is almost dead.
You constrict the scorpion, but do no damage.
The scorpion stings you.
* * * LOW HITPOINT WARNING * * *
You are lethally poisoned!
The scorpion poisons you! The adder closely misses you.
Unknown command.
Unknown command.
You puncture the scorpion!
You kill the scorpion!
* * * LOW HITPOINT WARNING * * *
You feel sick.
You puncture the adder!
You kill the adder!
You die...

#.###.#.$.
#......... .
.........# .# . #..#
......#..###.#.
.#..# .............
.#..# ...........
..># #.###.........
#..# #....†..#
#..### ##########@#
#..... .........#.#
######.###
###....#.#.#
#...#.......
+....#...#
#.#.#.##.##.
#....#.###.#
#.#.#.##.##.
#..........#
#.#.#.##.##.
#...##.#####
#.#.#.##.##. #...
#.#####+#.#.#.##.##.
.....
#.........#<#.##.##.


There were no monsters in sight!

Vanquished Creatures
  An ice beast (D:5)
  A centaur (D:4)
  3 ogres (D:4)
  A bullfrog (D:4)
  A scorpion (D:5)
  A crimson imp (D:3)
  A hound (D:4)
  A jelly (D:5)
  A gnoll bouda (D:4)
  2 orc priests
  2 orc wizards
  5 gnolls (D:4)
  12 adders
  2 dart slugs
  3 ribbon worms
  12 orcs
  4 ball pythons
  5 bats
  7 endoplasms
  A giant cockroach (D:4)
  9 goblins
  7 hobgoblins
  6 jackals
  5 kobolds
  4 quokkas
  A frilled lizard (D:1)
  A goblin skeleton (D:3)
  2 goblin zombies (D:3)
  4 hobgoblin zombies (D:3)
  2 kobold skeletons (D:3)
  A kobold zombie (D:3)
  3 orc skeletons (D:3)
  5 rats
116 creatures vanquished.

Notes
Turn   | Place    | Note
-------+----------+-------------------------------------------
     0 | D:1      | Axelsxxd the Octopode Fighter began the quest for the Orb.
     0 | D:1      | Reached XP level 1. HP: 16/16 MP: 1/1
   211 | D:1      | Reached XP level 2. HP: 21/21 MP: 2/2
   496 | D:1      | Reached XP level 3. HP: 25/26 MP: 3/3
  1225 | D:2      | Reached XP level 4. HP: 29/31 MP: 4/4
  1283 | D:2      | Learned a level 3 spell: Frozen Ramparts
  1792 | D:3      | Found a glowing golden altar of the Shining One.
  1845 | D:3      | Reached XP level 5. HP: 30/37 MP: 5/5
  2048 | D:3      | Found Sodihuc's Weapon Boutique.
  2096 | D:3      | Found a white marble altar of Elyvilon.
  2106 | D:3      | Found a faded altar of an unknown god.
  2485 | D:4      | Noticed an ogre
  2503 | D:4      | Killed an ogre
  2504 | D:4      | Reached XP level 6. HP: 30/43 MP: 6/6
  2731 | D:4      | Found an iron altar of Okawaru.
  2733 | D:4      | Found a runed translucent door.
  2737 | D:4      | Found the +0 toga "Victory" {*Victory Clar}
  2770 | D:4      | Reached XP level 7. HP: 49/49 MP: 7/7
  2776 | D:4      | Reached skill level 5 in Fighting
  2776 | D:4      | Reached skill level 5 in Dodging
  2776 | D:4      | Reached skill level 5 in Shields
  3177 | D:4      | Reached skill level 1 in Spellcasting
  3177 | D:4      | Reached skill level 1 in Ice Magic
  3483 | D:5      | Entered Level 5 of the Dungeon
  3791 | D:5      | Reached XP level 8. HP: 56/56 MP: 10/10
  3847 | D:5      | HP: 3/85 [scorpion (6)]
  3848 | D:5      | HP: 1/85 [poisoned by a scorpion]
  3850 | D:5      | Succumbed to a scorpion's poison

Illustrated notes

Levels and vault maps discovered:
D:1:      dpeg_arrival_three_same_balls, layout_loops_ring
D:2:      layout_basic
D:3:      layout_rooms, nicolae_elyvilon_peaceful_grove,
          nicolae_tso_besieged_by_evil, serial_shops,
          nicolae_shop_bloodbath_and_beyond, ebering_ecumenical_altar_petrified
D:4:      layout_rooms, nicolae_overflow_guarded_unrand_okawaru_victory,
          guppyfry_early_lair_pool
D:5:      layout_basic, minmay_temple_entry_tees, kennysheep_big_empty_room,
          kennysheep_generic_room_5

Skill      XL: |  1  2  3  4  5  6  7  8 |
---------------+-------------------------+-----
Short Blades   | 3 4 |  4.0
Fighting       | 4 5 |  5.8
Dodging        | 4 5 |  5.0
Shields        | 4 5 |  5.0
Spellcasting   | 1 2 |  2.4
Ice Magic      | 1 2 |  2.6

Action                     |  1- 3 |  4- 6 |  7- 9 || total
---------------------------+-------+-------+-------++-------
  Melee: Rapier            |    21 |       |       ||    21
         Constrict         |    22 |    32 |    20 ||    74
         Dagger            |    60 |   141 |   108 ||   309
         Tentacles         |    18 |    42 |    20 ||    80
         Punch             |       |     1 |     2 ||     3
  Evoke: Wand              |       |       |     5 ||     5
    Use: Scroll            |       |     5 |     3 ||     8
         Potion            |       |     1 |     6 ||     7
   Stab: Sleeping          |     6 |     6 |     4 ||    16
 Armour: Skin              |    17 |    24 |    40 ||    81
  Dodge: Dodged            |    27 |    44 |    45 ||   116
  Block: Buckler           |    16 |    22 |    21 ||    59
